 Dungeon Crawl Stone Soup version 0.31-a0-982-g1816016f30 (webtiles) character file.

Game seed: 1143040820784038804

100 BinkBink the Ducker (level 4, 0/23 HPs)
             Began as a Spriggan Fighter on Nov 2, 2023.
             Slain by a gnoll
             ... wielding a +0 club
              (5 damage)
             ... on level 4 of the Dungeon.
             The game lasted 00:02:45 (2274 turns).

BinkBink the Ducker (Spriggan Fighter)              Turns: 2274, Time: 00:02:46

Health: 0/23       AC:  2    Str: 12    XL:     4   Next: 47%
Magic:  5/5        EV: 18    Int:  9    God:
Gold:   131        SH:  5    Dex: 16    Spells: 3/3 levels left

rFire   . . .        a - +0 rapier
rCold   . . .        c - +0 buckler
rNeg    . . .        b - +0 robe
rPois   .            (helmet currently unavailable)
rElec   .            (cloak currently unavailable)
rCorr   .            (gloves unavailable)
SInv    +            (boots unavailable)
Will    .....        (no amulet)
Stlth   ++           (no ring)
HPRegen 0.23/turn    (no ring)
MPRegen 0.09/turn

%: no passive effects
@: beast-form, very quick
A: beast (slay +0), very small, no large weapons, unfitting armour, see
invisible, speed 3
a: Begin Untransformation


You were on level 4 of the Dungeon.
You were a hulking beast.
You visited 1 branch of the dungeon, and saw 4 of its levels.

You collected 131 gold pieces.

Inventory:

Hand Weapons
 a - a +0 rapier (weapon)
Missiles
 i - a throwing net
Armour
 b - a +0 robe (worn)
 c - a +0 buckler (worn)
Jewellery
 g - a ring of protection from fire
Talismans
 k - a beast talisman (active)
Scrolls
 h - 2 scrolls of teleportation {unknown}
 j - a scroll of enchant armour {unknown}
 l - a scroll of identify {unknown}
 m - a scroll of amnesia {unknown}
Potions
 d - a potion of might
 e - a potion of mutation {unknown}
 f - 2 potions of heal wounds {unknown}


   Skills:
 + Level 2.8 Fighting
 + Level 3.0 Short Blades
 + Level 4.6 Dodging
 + Level 2.9 Stealth
 + Level 2.6 Shields
 + Level 0.6 Shapeshifting


You had 3 spell levels left.
You didn't know any spells.
Your spell library contained the following spells:

 Spells                   Type           Power      Damage    Failure   Level
 Tukima's Dance           Hex            0%         N/A       86%         3
 Passage of Golubria      Tloc           0%         N/A       99%         4
 Yara's Violent Unravell  Hex/Tmut       0%         3d3       100%        5


Dungeon Overview and Level Annotations

Branches:
Dungeon (4/15)
 Temple: D:4-7

Altars:
Cheibriados
Elyvilon
Fedhas
Xom


Innate Abilities, Weirdness & Mutations

You are a hulking beast.
Your limbs bulge with bestial killing power. (Slay +0)
You are very small and have problems with some larger weapons.
You are too small for most types of armour.
You have supernaturally acute eyesight. (SInv)
You cover ground extremely quickly. (Speed+++)


Message History

The adder is heavily wounded.
You hear an angry hiss.
The adder bites you but does no damage.
You completely miss the adder.
The adder is heavily wounded.
You block the adder's attack. The adder completely misses you.
You barely miss the adder.
The adder is heavily wounded.
The adder bites you.
You miss the adder.
The adder is heavily wounded.
The adder completely misses you. You block the gnoll's attack.
The adder closely misses you.
A gnoll bouda comes into view. It is wielding a +0 whip.
The gnoll attacks as it pursues you! The gnoll closely misses you.
The gnoll bouda shouts!
You hear an angry hiss.
A ball python comes into view.
The gnoll misses you.
The gnoll bouda barks out a call to the hunt!
The gnolls pick up the pace!
A jelly comes into view.
A ball python comes into view.
A kobold comes into view. It is wielding a +0 club.
You start resting.
A gnoll is nearby!
You hit the gnoll.
The gnoll is lightly wounded.
The gnoll hits you with a +0 club.
You hit the gnoll.
The gnoll is moderately wounded.
The gnoll hits you with a +0 club. The gnoll closely misses you.
You closely miss the gnoll.
The gnoll is moderately wounded.
The gnoll closely misses you.
The gnoll hits you from afar with a +0 halberd!
Ouch! That really hurt!
* * * LOW HITPOINT WARNING * * *
The gnoll attacks as it pursues you! The gnoll barely misses you.
The gnoll hits you with a +0 club.
You die...

... .. ..# #.K #.#
#S.# #.##..#
.############...J#
......(...S##..#
.........g..g.#######
#.....)...###.##....#
###.......# #.##h#
###......##.gg.#
...#..#.#######
..##...##g# .. .....
.S . #...## .## ....


You could see 2 gnolls.

Vanquished Creatures
  2 adders
  5 dart slugs
  An orc (D:3)
  6 ball pythons
  11 endoplasms
  3 giant cockroaches
  8 hobgoblins
  2 jackals (D:3)
  2 quokkas (D:1)
  3 bats
  4 frilled lizards
  8 goblins
  5 kobolds
  3 rats
63 creatures vanquished.

Notes
Turn   | Place    | Note
-------+----------+-------------------------------------------
     0 | D:1      | BinkBink the Spriggan Fighter began the quest for the Orb.
     0 | D:1      | Reached XP level 1. HP: 11/11 MP: 2/2
   100 | D:1      | Reached skill level 1 in Stealth
   100 | D:1      | Reached XP level 2. HP: 12/16 MP: 3/3
   357 | D:1      | Reached XP level 3. HP: 18/19 MP: 4/4
  1589 | D:2      | Reached XP level 4. HP: 23/23 MP: 5/5
  1703 | D:3      | Found a snail-covered altar of Cheibriados.
  1703 | D:3      | Found a blossoming altar of Fedhas.
  1703 | D:3      | Found a white marble altar of Elyvilon.
  1926 | D:3      | Found a shimmering altar of Xom.
  1926 | D:3      | Found a shimmering altar of Xom.
  1977 | D:3      | Found a shimmering altar of Xom.
  1979 | D:3      | Found a shimmering altar of Xom.
  1981 | D:3      | Found a shimmering altar of Xom.
  1985 | D:3      | Found a shimmering altar of Xom.
  1985 | D:3      | Found a shimmering altar of Xom.
  2274 | D:4      | Slain by a gnoll

Illustrated notes

Levels and vault maps discovered:
D:1:      lemuel_arrival_cross, layout_rooms
D:2:      layout_loops_corners
D:3:      layout_rooms, nicolae_xom_altar_mimics, grunt_temple_overflow_open,
          chequers_serial_rivers_micro_c, wad_floor_pattern_2, minmay_surrounded
D:4:      layout_basic, minmay_temple_entry_slanted, minmay_door_square,
          uniq_menkaure, uniq_edmund

Skill      XL: |  1  2  3  4 |
---------------+-------------+-----
Stealth        | 1 2 |  2.9
Short Blades   | 3 |  3.0
Fighting       | |  2.8
Dodging        | |  4.6
Shields        | |  2.6
Shapeshifting  | |  0.6

Action                     |  1- 3 |  4- 6 || total
---------------------------+-------+-------++-------
  Melee: Rapier            |   161 |    56 ||   217
    Use: Scroll            |     3 |       ||     3
   Stab: Sleeping          |     8 |       ||     8
 Armour: Robe              |    32 |    21 ||    53
  Dodge: Dodged            |   116 |    38 ||   154
  Block: Buckler           |    31 |    13 ||    44
   Form: Beast             |     1 |       ||     1

Table legend: (Time is in decaauts)
 A = Elapsed time spent in this place.
 B = Non-inter-level travel time spent in this place.
 C = Inter-level travel time spent in this place.
 D = Time resting spent in this place.
 E = Time spent auto-exploring this place.
 F = Levels seen in this place.
 G = Mean time per level.
                   A        B        C        D        E       F      G
               +--------+--------+--------+--------+--------+-----+--------+
         Total |   1664 |   1624 |     40 |    196 |    995 |   4 |  416.0 |
       Dungeon |   1664 |   1624 |     40 |    196 |    995 |   4 |  416.0 |
               +--------+--------+--------+--------+--------+-----+--------+

Top non-repeatable levels by time:
     D:2: 642 daAuts
     D:1: 608 daAuts
     D:3: 391 daAuts
     D:4: 21 daAuts
